 Dungeon Crawl Stone Soup version 0.30-a0-2-gf48d83f5e2 (webtiles) character file.

Game seed: 13911649165910912586

868 kae the Firebug (level 7, -20/56 HPs)
             Began as a Demigod Fire Elementalist on Aug 19, 2022.
             Engulfed by a cloud of flame (27 damage)
             ... while paralysed by Grinder
             ... on level 4 of the Dungeon.
             The game lasted 00:04:16 (5501 turns).

kae the Firebug (Demigod Fire Elementalist)         Turns: 5501, Time: 00:04:17

Health: -20/56     AC:  3    Str:  9    XL:     7   Next: 44%
Magic:  5/15       EV:  2    Int: 25    God:
Gold:   179        SH:  0    Dex: 14    Spells: 3/12 levels left

rFire   . . .      SeeInvis .    (no weapon)
rCold   . . .      Faith    .    (no shield)
rNeg    . . .      Spirit   .    a - +1 robe
rPois   .          Reflect  .    (no helmet)
rElec   .          Harm     .    (no cloak)
rCorr   .          Rampage  .    (no gloves)
Will    .....                    (no boots)
Stlth   ++........               (no amulet)
HPRegen 0.18/turn                (no ring)
MPRegen 0.14/turn                (no ring)

@: paralysed
A: high MP 1, forlorn, divine attributes
a: no special abilities


You were on level 4 of the Dungeon.
You visited 1 branch of the dungeon, and saw 4 of its levels.

You collected 179 gold pieces.


Innate Abilities, Weirdness & Mutations

You have an increased reservoir of magic. (+10% MP)
You shall have no god before yourself.
Your divine heritage dramatically boosts your attributes as you level up.


   Skills:
 + Level 2.6 Fighting
 + Level 3.4 Dodging
 - Level 1.7 Stealth
 + Level 3.2 Spellcasting
 * Level 4.1 Conjurations
 * Level 5.1 Fire Magic


You had 3 spell levels left.
You knew the following spells:

 Your Spells              Type           Power      Damage    Failure   Level
a - Foxfire               Conj/Fire      100%       2x1d9     1%          1
b - Scorch                Fire           58%        2d7       1%          2
c - Conjure Flame         Conj/Fire      27%        6-21      4%          3
d - Inner Flame           Hex/Fire       16%        N/A       11%         3

Your spell library contained the following spells:

 Spells                   Type           Power      Damage    Failure   Level
 Gell's Gravitas          Tloc           4%         N/A       30%         3
 Portal Projectile        Hex/Tloc       8%         N/A       30%         3
 Teleport Other           Tloc           4%         N/A       30%         3
 Tukima's Dance           Hex            4%         N/A       30%         3
 Flame Wave               Conj/Fire      27%        2d9       14%         4
 Blade Hands              Tmut           2%         N/A       95%         5
 Dispersal                Tloc           2%         N/A       100%        6

Inventory:

Missiles
 d - a curare-tipped dart {=f}
 h - a throwing net {=f!f}
 i - 53 stones
 s - 12 poisoned darts
Armour
 a - a +1 robe (worn)
Magical Staves
 g - a staff of air {!a}
   (You found it on level 1 of the Dungeon)
Wands
 c - a wand of flame (31)
   (You found it on level 2 of the Dungeon)
Scrolls
 j - 2 scrolls of teleportation {@r4}
 l - 2 scrolls of immolation {!r!r}
 m - 5 scrolls of poison {!r}
 p - a scroll of enchant weapon
Potions
 b - a potion of magic
 e - a potion of resistance
 f - 6 potions of curing {unknown}
 k - a potion of invisibility {unknown}
 n - 4 potions of heal wounds {unknown}
 o - a potion of might {unknown}
 q - a potion of attraction {!q}
 r - 2 potions of degeneration {!q}
 t - a potion of flight {unknown}

Dungeon Overview and Level Annotations

Branches:
Dungeon (4/15) Zot: 18493
 Temple: D:4-7

Annotations:
D:2 Natasha
D:4 Pikel

###.##.....#
###.#
..........##
#.# #####....##
#.# #..#.# #.#
#..#.# #.#
#..#.# #.#
#..#.# #.#
#..#.## #°#
##.....# #@#
#...#..# #.#
#.###..# #.#
#.###..######.#
#.............#
###############


There were no monsters in sight!


Message History

The foxfire hits Pikel!
Pikel zaps a wand.
Your will is overpowered!
You are confused.
The foxfire hits Pikel. 😎 MP[-1]
You lost 1 mp, and now have 3/14 mp.
You're too confused to cast spells.
You bump into the rock wall.
The foxfire hits Pikel.
Pikel zaps a wand.
You easily resist.
The now-empty wand crumbles to dust.
You're too confused to move! 😎 MP[+1]
You feel less confused. 😎 MP[+1]
You start resting.
Pikel is nearby!
There is a stone staircase leading up here. 😎 MP[+1]
You climb upwards.
There is a stone staircase leading down here.
You start resting. 😎 MP[+5]
You regained 5 mp, and now have 11/14 mp.
You start resting. 😎 MP[+3]
Your mp is fully restored (14).
Okay, then.
There is a stone staircase leading down, spattered with blood here.
You climb downwards.
Level annotation: Pikel
There is a stone staircase leading up, spattered with blood here.
s - 12 poisoned darts (gained 5)
There is an open door here.
There is an open door here.
There is an open door here.
There is an open door here.
Key pressed, stopping explore.
You see here a +0 whip.
Grinder comes into view.
Casting: Foxfire (safe; 1% risk of failure)
Confirm with . or Enter, or press ? or * to list all spells.
Aiming: Inner Flame (dangerous; 12% risk of failure)
Press: ? - help, Dir - move target, f - Grinder
Aim: Grinder (asleep, chance to affect: 69%) Grinder shouts!
Grinder is filled with an inner flame. 😎 MP[-3]
You lost 3 mp, and now have 11/14 mp.
Grinder drinks a potion.
Grinder seems to speed up.
Casting: Inner Flame (dangerous; 12% risk of failure)
Confirm with . or Enter, or press ? or * to list all spells.
You conjure some foxfire!
Grinder blinks! 😎 MP[-1]
You lost 1 mp, and now have 10/14 mp. 😎 MP[+1]
Casting: Foxfire (safe; 1% risk of failure)
Confirm with . or Enter, or press ? or * to list all spells.
You conjure some foxfire!
Grinder blinks! 😎 MP[-1]
You lost 1 mp, and now have 10/14 mp.
Casting: Foxfire (safe; 1% risk of failure)
Confirm with . or Enter, or press ? or * to list all spells.
You conjure some foxfire!
The foxfire hits Grinder but does no damage.
The foxfire hits Grinder but does no damage. 😎 MP[-1]
You lost 1 mp, and now have 9/14 mp.
Casting: Foxfire (safe; 1% risk of failure)
Confirm with . or Enter, or press ? or * to list all spells.
You conjure some foxfire!
The foxfire hits Grinder.
Flame seeps out of Grinder.
Grinder is engulfed in blazing flames.
Flame seeps out of Grinder.
Grinder says, "Wait up."
Grinder blinks! 😎 MP[-1]
You lost 1 mp, and now have 8/14 mp.
Casting: Foxfire (safe; 1% risk of failure)
Confirm with . or Enter, or press ? or * to list all spells.
Flames lash Grinder.
Flame seeps out of Grinder.
Grinder's fire resistance burns away.
Grinder gestures at you.
You struggle to resist.
Grinder closely misses you. 😎 MP[-1]
You lost 1 mp, and now have 7/14 mp.
Casting: Scorch (safe; 2% risk of failure)
Confirm with . or Enter, or press ? or * to list all spells.
Flames lash Grinder.
Grinder is burned terribly!
Flame seeps out of Grinder.
Grinder is engulfed in blazing flames.
Flame seeps out of Grinder.
Grinder gestures at you.
You suddenly lose the ability to move!
Grinder is engulfed in blazing flames.
The fiery explosion engulfs you!!
Your Conjurations skill increases to level 4!
Your Fire Magic skill increases to level 5!
You are engulfed in blazing flames.
* * * LOW HITPOINT WARNING * * *
You are engulfed in blazing flames.
You die...

Skill      XL: |  1  2  3  4  5  6  7 |
---------------+----------------------+-----
Conjurations   | 1 2 3 4 |  4.1
Fire Magic     | 3 4 5 |  5.1
Dodging        | 2 3 |  3.4
Spellcasting   | 2 3 |  3.2
Fighting       | 1 2 |  2.6
Stealth        | |  1.7

Action                   |  1- 3 |  4- 6 |  7- 9 || total
-------------------------+-------+-------+-------++-------
 Cast: Foxfire           |    79 |    82 |    28 ||   189
       Scorch            |     8 |    14 |    15 ||    37
       Conjure Flame     |       |       |     2 ||     2
       Inner Flame       |       |       |     1 ||     1
  Use: Scroll            |     4 |     5 |       ||     9
Armor: Robe              |     5 |     4 |     3 ||    12
Dodge: Dodged            |    19 |    15 |    10 ||    44

Levels and vault maps discovered:
D:1:      ncdulo_watergridlock, layout_loops_ring, minmay_pentomino_o2
D:2:      layout_loops_corners, basic_ecumenical_altar, minmay_small_reverse_x,
          uniq_natasha
D:3:      layout_rooms
D:4:      layout_basic, uniq_grinder, uniq_menkaure, uniq_pikel,
          uniq_blork_the_orc

Notes
Turn   | Place    | Note
-------+----------+-------------------------------------------
     0 | D:1      | kae the Demigod Fire Elementalist began the quest for the
                  | Orb.
     0 | D:1      | Reached XP level 1. HP: 14/14 MP: 5/5
     0 | D:1      | magus.rc [v1.11.3]
   119 | D:1      | Reached skill level 1 in Conjurations
   223 | D:1      | You add the spells Gell's Gravitas, Teleport Other and
                  | Dispersal to your library.
   522 | D:1      | Reached XP level 2. HP: 17/20 MP: 0/7
   608 | D:1      | Reached skill level 3 in Fire Magic
   717 | D:1      | Reached skill level 2 in Dodging
   779 | D:1      | Reached skill level 2 in Spellcasting
   934 | D:1      | Learned a level 2 spell: Scorch
  1432 | D:2      | Reached XP level 3. HP: 27/27 MP: 1/8
  1518 | D:2      | Learned a level 3 spell: Conjure Flame
  1780 | D:2      | Noticed Natasha
  2141 | D:2      | Reached skill level 1 in Fighting
  2141 | D:2      | Reached skill level 2 in Conjurations
  2283 | D:2      | You pick up a book of Weapons and begin reading...
  2283 | D:2      | You add the spells Tukima's Dance, Portal Projectile and
                  | Blade Hands to your library.
  2506 | D:3      | Reached XP level 4. HP: 35/35 MP: 5/10
  2877 | D:3      | Reached XP level 5. HP: 40/40 MP: 6/11
  3585 | D:4      | Noticed Menkaure
  3592 | D:4      | Killed Menkaure
  3593 | D:4      | Reached skill level 3 in Conjurations
  3593 | D:4      | Reached skill level 4 in Fire Magic
  3593 | D:4      | Reached XP level 6. HP: 48/48 MP: 5/13
  3597 | D:4      | Learned a level 3 spell: Inner Flame
  3683 | D:4      | Reached skill level 2 in Fighting
  3882 | D:4      | Noticed Blork the orc
  3895 | D:4      | Killed Blork the orc
  3896 | D:4      | Reached skill level 3 in Dodging
  4211 | D:4      | Reached skill level 3 in Spellcasting
  4211 | D:4      | Reached XP level 7. HP: 55/55 MP: 9/14
  4554 | D:4      | Noticed Pikel
  5483 | D:4      | Noticed Grinder
  5499 | D:4      | Paralysed by Grinder for 4 turns
  5499 | D:4      | Killed Grinder
  5500 | D:4      | Reached skill level 4 in Conjurations
  5500 | D:4      | Reached skill level 5 in Fire Magic
  5500 | D:4      | HP: 7/56 [cloud of flame (24)]
  5501 | D:4      | Engulfed by a cloud of flame

Vanquished Creatures
  Grinder (D:4)
  Menkaure (D:4)
  An ogre (D:4)
  4 lemures
  Blork the orc (D:4)
  A kobold brigand (D:4)
  2 orc priests (D:3)
  3 orc wizards
  7 adders
  A worm (D:3)
  4 dart slugs
  17 orcs
  9 endoplasms
  4 giant cockroaches
  4 goblins
  6 hobgoblins
  4 jackals (D:1)
  4 quokkas
  7 ball pythons
  6 bats
  3 frilled lizards
  5 kobolds
  4 rats
99 creatures vanquished.

Vanquished Creatures (others)
  312 foxfires
312 creatures vanquished.

Grand Total: 411 creatures vanquished

Table legend:
 A = Non-vault XP
 B = Vault XP
 C = Vault XP percentage of total XP
 D = Non-vault monster count
 E = Vault monster count
 F = Vault count percentage of total count
                 A         B        C        D         E       F
            +---------+---------+-------+---------+---------+-------
      Total |     645 |     596 |  48.0 |      87 |       8 |   8.4
            +---------+---------+-------+---------+---------+-------
        D:1 |      33 |       4 |  10.8 |      19 |       1 |   5.0
        D:2 |      95 |      20 |  17.4 |      21 |       4 |  16.0
        D:3 |     190 |       0 |   0.0 |      23 |       0 |   0.0
        D:4 |     327 |     572 |  63.6 |      24 |       3 |  11.1
            +---------+---------+-------+---------+---------+-------

Illustrated notes

Table legend:
 A = Kills in this place as a percentage of kills in entire the game.
 B = Kills by you in this place as a percentage of kills by you in the entire game.
 C = Kills by friends in this place as a percentage of kills by friends in the entire game.
 D = Other kills in this place as a percentage of other kills in the entire game.
 E = Experience gained in this place as a percentage of experience gained in the entire game.
 F = Experience gained in this place divided by the number of levels of this place that you have seen.
                   A       B       C       D       E      F
               +-------+-------+-------+-------+-------+----------------------
         Total | 100.0 | 100.0 |   N/A |   N/A | 100.0 | 310.2
       Dungeon | 100.0 | 100.0 |   N/A |   N/A | 100.0 | 310.2
               +-------+-------+-------+-------+-------+----------------------

Table legend: (Time is in decaauts)
 A = Elapsed time spent in this place.
 B = Non-inter-level travel time spent in this place.
 C = Inter-level travel time spent in this place.
 D = Time resting spent in this place.
 E = Time spent auto-exploring this place.
 F = Levels seen in this place.
 G = Mean time per level.
                   A        B        C        D        E       F      G
               +--------+--------+--------+--------+--------+-----+--------+
         Total |   5506 |   5378 |    128 |    536 |   3981 |   4 | 1376.5 |
       Dungeon |   5506 |   5378 |    128 |    536 |   3981 |   4 | 1376.5 |
               +--------+--------+--------+--------+--------+-----+--------+

Top non-repeatable levels by time:
     D:4: 1538 daAuts
     D:3: 1430 daAuts
     D:2: 1344 daAuts
     D:1: 1192 daAuts
